 Dungeon Crawl Stone Soup version 0.30-a0-860-g512cf1e979 (webtiles) character file.

Game seed: 10656393866710400843

662 jasper the Ruffian (level 7, -2/70 HPs)
             Began as a Troll Delver on Mar 7, 2023.
             Was an Initiate of Gozag.
             Slain by an orc warrior
             ... wielding a +0 battleaxe
              (14 damage)
             ... on level 5 of the Dungeon.
             The game lasted 00:05:26 (2973 turns).

jasper the Ruffian (Troll Delver)                   Turns: 2973, Time: 00:05:26

Health: -2/70      AC:  4    Str: 21    XL:     7   Next: 30%
Magic:  6/6        EV: 10    Int:  6    God:    Gozag
Gold:   569        SH:  0    Dex: 13    Spells: 6/6 levels left

rFire   . . .      SeeInvis .      - Unarmed
rCold   . . .      Faith    .    (no shield)
rNeg    . . .      Spirit   .    a - +0 robe
rPois   .          Reflect  .    (helmet restricted)
rElec   .          Rampage  .    (no cloak)
rCorr   .                        (gloves unavailable)
Will    .....                    (boots unavailable)
Stlth   ++                       (no amulet)
HPRegen 1.11/turn                (no ring)
MPRegen 0.10/turn                (no ring)

@: gold aura
A: large, unfitting armour, claws 3, regeneration 1, shaggy fur 1, tough skin 1,
antennae 1, MP-powered wands
a: Renounce Religion, Potion Petition, Call Merchant, Bribe Branch


You were on level 5 of the Dungeon.
You worshipped Gozag.
Gozag was pleased with you.
You visited 1 branch of the dungeon, and saw 5 of its levels.

You collected 569 gold pieces.

Inventory:

Missiles
 h - 34 stones (quivered)
 n - 6 datura-tipped darts
Armour
 a - a +0 robe (worn)
 m - an orb of mayhem
Jewellery
 j - a ring of flight
Wands
 f - a wand of digging (8)
Scrolls
 b - a scroll of fog
 c - a scroll of magic mapping
 d - 2 scrolls of fear
 g - a scroll of amnesia
 i - 2 scrolls of teleportation
Potions
 e - a potion of might {unknown}
 o - 3 potions of mutation
 q - 3 potions of attraction


   Skills:
 + Level 4.2 Fighting
 + Level 3.2 Dodging
 - Level 2.7 Stealth
 * Level 6.1 Unarmed Combat


You had 6 spell levels left.
You didn't know any spells.
Your spell library contained the following spells:

 Spells                   Type           Power      Damage    Failure   Level
 Apportation              Tloc           0%         N/A       45%         1
 Foxfire                  Conj/Fire      0%         2x1d4     45%         1
 Necrotise                Necr           0%         1d4       45%         1
 Summon Small Mammal      Summ           0%         N/A       45%         1
 Blink                    Tloc           0%         N/A       58%         2
 Lesser Beckoning         Tloc           0%         N/A       58%         2
 Momentum Strike          Conj/Tloc      0%         3d8       58%         2
 Hailstorm                Conj/Ice       0%         3d3       83%         3
 Ice Form                 Ice/Tmut       0%         N/A       99%         4
 Fireball                 Conj/Fire      0%         3d3       100%        5
 Starburst                Conj/Fire      0%         6d3       100%        6
 Simulacrum               Ice/Necr       Unusable   N/A       N/A         6

Dungeon Overview and Level Annotations

Branches:
Dungeon (5/15)             Temple (0/1) D:4

Altars:
Gozag
Qazlal

Annotations:
D:2 1 runed translucent door, Crazy Yiuf, Jessica


Innate Abilities, Weirdness & Mutations

You are too large for most types of armour.
You have claws for hands.
Your natural rate of healing is unusually fast.
You are covered in fur. (AC +1)
You have tough skin. (AC +1)
You have a pair of small antennae on your head.
You expend magic power (3 MP) to strengthen your wands.


Message History

You take 13 damage, and have 31/70 hp.
You completely miss the orc warrior.
The orc warrior hits you with a +0 battleaxe!
You take 7 damage, and have 24/70 hp.
You scratch the orc warrior.
The orc warrior is moderately wounded.
You closely miss the orc warrior.
The orc warrior is moderately wounded.
The orc warrior hits you with a +0 battleaxe!
* * * LOW HITPOINT WARNING * * *
You take 7 damage, and have 18/70 hp.
You claw the orc warrior!
The orc warrior is heavily wounded.
The orc hits you but does no damage. The orc warrior closely misses you.
You completely miss the orc warrior.
The orc warrior is heavily wounded.
The orc hits you with a +0 dagger.
* * * LOW HITPOINT WARNING * * *
The orc warrior hits you with a +0 battleaxe!
* * * LOW HITPOINT WARNING * * *
You take 8 damage, and have 11/70 hp.
Okay, then.
You claw the orc warrior!
The orc warrior is almost dead.
The orc closely misses you. The orc warrior barely misses you.
You closely miss the orc warrior.
The orc warrior is almost dead.
The orc completely misses you. The orc warrior closely misses you.
You barely miss the orc warrior.
The orc warrior is almost dead.
The orc hits you with a +0 dagger.
* * * LOW HITPOINT WARNING * * *
The orc warrior misses you.
You completely miss the orc warrior.
The orc warrior is almost dead.
The orc hits you with a +0 dagger.
* * * LOW HITPOINT WARNING * * *
The orc warrior hits you with a +0 battleaxe!
You die...
Your body crumbles into a pile of gold.

.$..#.#.....
#...#.#.#..## #..........
......... ## ...#...####
.. #........# .#
###.#..#oo...##### .#
........@......#.##.###.#
########.##......<.......
........>#.########
...........#......###
.............#...<.....
..........#..#.##.#.###
..........#.......# #
...!......##.###..# #..#
#.# ...#


You could see an orc warrior and an orc.

Vanquished Creatures
  Duvessa (D:4)
  A phantom (D:4)
  A scorpion (D:4)
  Dowan (D:4)
  A hound (D:4)
  4 orc priests
  An iguana (D:4)
  Ijyb (D:4)
  3 orc wizards
  Robin (D:3)
  3 adders
  A dart slug (D:1)
  15 orcs
  4 endoplasms
  A giant cockroach (D:3)
  7 goblins
  3 hobgoblins
  3 quokkas
  2 ball pythons (D:1)
  4 bats
  A frilled lizard (D:1)
  5 kobolds
  8 rats
72 creatures vanquished.

Notes
Turn   | Place    | Note
-------+----------+-------------------------------------------
     0 | D:5      | jasper the Troll Delver began the quest for the Orb.
     0 | D:5      | Reached XP level 1. HP: 22/22 MP: 0/0
   177 | D:3      | Reached XP level 2. HP: 29/29 MP: 1/1
   195 | D:3      | Reached skill level 3 in Unarmed Combat
   195 | D:3      | Reached XP level 3. HP: 31/36 MP: 2/2
   392 | D:2      | Noticed Jessica
   413 | D:1      | Found a faded altar of an unknown god.
   437 | D:1      | Prayed at the altar of an unknown god.
   437 | D:1      | Became a worshipper of Gozag Ym Sagoz the Greedy
   479 | D:1      | Reached XP level 4. HP: 45/45 MP: 3/3
  1573 | D:2      | Found a runed translucent door.
  1574 | D:2      | Noticed Crazy Yiuf
  1648 | D:2      | Reached skill level 4 in Unarmed Combat
  1868 | D:3      | Found a stormy altar of Qazlal.
  2086 | D:3      | Reached XP level 5. HP: 51/53 MP: 4/4
  2093 | D:3      | Noticed Robin
  2109 | D:3      | Killed Robin
  2287 | D:4      | Noticed a phantom
  2311 | D:4      | Killed a phantom
  2420 | D:4      | Noticed Dowan
  2421 | D:4      | Noticed Duvessa
  2442 | D:4      | Gained mutation: You have a pair of small antennae on your
                  | head. [potion of mutation]
  2442 | D:4      | Gained mutation: You expend magic power (3 MP) to
                  | strengthen your wands. [potion of mutation]
  2450 | D:4      | Killed Duvessa
  2451 | D:4      | Reached skill level 5 in Unarmed Combat
  2451 | D:4      | Reached XP level 6. HP: 47/62 MP: 5/5
  2458 | D:4      | Killed Dowan
  2571 | D:4      | Noticed Ijyb
  2580 | D:4      | Killed Ijyb
  2753 | D:4      | Reached XP level 7. HP: 67/70 MP: 6/6
  2769 | D:4      | Found a staircase to the Ecumenical Temple.
  2797 | D:4      | Reached skill level 6 in Unarmed Combat
  2973 | D:5      | Slain by an orc warrior

Illustrated notes

Levels and vault maps discovered:
D:1:      dpeg_arrival_court, layout_basic, ebering_ecumenical_altar_ruins
D:2:      layout_loops_corners, uniq_crazy_yiuf_cottage, uniq_jessica
D:3:      layout_rooms, mainiacjoe_overflow_alcove_4,
          chequers_serial_rivers_micro_d, mrwooster_statue_mirror,
          minmay_misc_feat_roman, roderic_roman_lattice,
          hangedman_abyss_or_decor_lesser_grid, uniq_robin
D:4:      layout_loops_ring, minmay_temple_entry_statues_pillars, uniq_duvessa,
          uniq_ijyb
D:5:      layout_basic, elyvilon_altar_1, serial_shops, shop

Skill      XL: |  1  2  3  4  5  6  7 |
---------------+----------------------+-----
Unarmed Combat | 3 4 5 6 |  6.1
Fighting       | 3 4 |  4.2
Dodging        | 2 3 |  3.2
Stealth        | |  2.7

Action                     |  1- 3 |  4- 6 |  7- 9 || total
---------------------------+-------+-------+-------++-------
  Melee: Unarmed           |    51 |   137 |    40 ||   228
         Punch             |     1 |     5 |     1 ||     7
  Throw: Stone             |       |     2 |       ||     2
    Use: Scroll            |       |     3 |     2 ||     5
         Potion            |       |     6 |       ||     6
   Stab: Sleeping          |     1 |     3 |       ||     4
         Distracted        |       |     1 |       ||     1
 Armour: Robe              |    25 |    46 |     7 ||    78
  Dodge: Dodged            |    28 |    62 |    19 ||   109

Table legend: (Time is in decaauts)
 A = Elapsed time spent in this place.
 B = Non-inter-level travel time spent in this place.
 C = Inter-level travel time spent in this place.
 D = Time resting spent in this place.
 E = Time spent auto-exploring this place.
 F = Levels seen in this place.
 G = Mean time per level.
                   A        B        C        D        E       F      G
               +--------+--------+--------+--------+--------+-----+--------+
         Total |   2936 |   2871 |     65 |    427 |   1682 |   5 |  587.2 |
       Dungeon |   2936 |   2871 |     65 |    427 |   1682 |   5 |  587.2 |
               +--------+--------+--------+--------+--------+-----+--------+

Top non-repeatable levels by time:
     D:1: 1123 daAuts
     D:3: 799 daAuts
     D:4: 793 daAuts
     D:2: 186 daAuts
     D:5: 33 daAuts
